 Dungeon Crawl Stone Soup version 0.22.0-49-gab54619674 (webtiles) character file.

324654 kakkapete22 the Warrior (level 20, -2/170 HPs)
             Began as a Demonspawn Fighter on Sept 6, 2018.
             Was the Champion of Wu Jian.
             Splashed by an acid blob's acid (3 damage)
             ... on level 2 of the Pits of Slime on Sept 7, 2018.
             The game lasted 07:20:27 (43446 turns).

kakkapete22 the Warrior (Demonspawn Fighter)       Turns: 43446, Time: 07:20:28

Health: -2/170     AC: 16    Str: 25    XL:     20   Next: 33%
Magic:  39/39      EV: 18    Int:  9    God:    Wu Jian [******]
Gold:   1559       SH:  0    Dex: 17    Spells: 29/33 levels left

rFire    . . .     SeeInvis +   L - +6 eveningstar (protect)
rCold    x . .     Gourm    .   y - +1 shield {AC+3}
rNeg     + . .     Faith    .   (no armour)
rPois    +         Spirit   .   (helmet unavailable)
rElec    +         Reflect  .   I - scarf {repulsion}
rCorr    +         Harm     .   e - +2 pair of gloves of the Arcane {+Inv rC- Str+6}
MR       +....                  o - +2 pair of boots {run}
Stlth    +++.......             Z - amulet of Tydethri {+Rage Str+3 SInv}
HPRegen  0.38/turn              c - ring of Happiness {rElec rPois rN+ MP+9 Str-4}
MPRegen  0.26/turn              p - ring of resist corrosion

@: confused, protection aura, repel missiles, quick
A: horns 3, large bone plates 2, dopey 1, foul stench 1, nightstalker 2,
augmentation 3, rot immunity
}: 3/15 runes: decaying, serpentine, abyssal
a: Wall Jump, Serpent's Lash, Heavenly Storm, Renounce Religion, Evoke Berserk
Rage, Evoke Invisibility


You were on level 2 of the Pits of Slime.
You worshipped Wu Jian.
Wu Jian was exalted by your worship.
You were not hungry.

You visited 7 branches of the dungeon, and saw 35 of its levels.
You visited the Abyss 4 times.
You also visited: Labyrinth, Ossuary and Ice Cave.

You collected 3705 gold pieces.
You spent 2146 gold pieces at shops.

Inventory:

Hand Weapons
 L - a +6 eveningstar of protection (weapon)
Missiles
 O - 18 poisoned javelins (quivered)
Armour
 e - the +2 pair of gloves of the Arcane (worn) {+Inv rC- Str+6}
   (You found it on level 6 of the Lair of Beasts)

   It affects your strength (+6).
   It makes you vulnerable to cold.
   It lets you turn invisible.
 l - the +8 orange crystal plate armour {Archmagi, Int+3 Clar}
   (You found it on level 3 of the Elven Halls)

   It affects your intelligence (+3).
   It protects you against confusion.
 o - a +2 pair of boots of running (worn)
 y - a +1 shield of protection (worn)
 I - a scarf of repulsion (worn)
 T - a +0 plate armour of cold resistance
 X - a +3 plate armour of magic resistance
Jewellery
 c - the ring of Happiness (left hand) {rElec rPois rN+ MP+9 Str-4}
   (You bought it in a shop on level 8 of the Dungeon)

   [ring of magical power]

   It affects your strength (-4).
   It insulates you from electricity.
   It protects you from poison.
   It protects you from negative energy.
   It affects your magic capacity (+9).
 g - a +4 ring of strength
 p - a ring of resist corrosion (right hand)
 D - the ring of Ezoibuleda {rPois rC- rN+++ Dex+6 Stlth+}
   (You found it on level 3 of the Elven Halls)

   [ring of poison resistance]

   It affects your dexterity (+6).
   It makes you vulnerable to cold.
   It protects you from poison.
   It renders you almost immune to negative energy.
   It makes you more stealthy.
 H - a +4 ring of dexterity
 R - an uncursed ring of protection from cold
 Z - the amulet of Tydethri (around neck) {+Rage Str+3 SInv}
   (You found it on level 1 of the Swamp)

   [amulet of rage]

   It affects your strength (+3).
   It lets you see invisible.
   It lets you go berserk.
Wands
 a - a wand of acid (16)
 m - a wand of disintegration (12)
 r - a wand of enslavement (20)
 x - a wand of flame (74)
 K - a wand of iceblast (27)
 N - a wand of scattershot (9)
 Q - a wand of paralysis (32)
 S - a wand of polymorph (45)
Scrolls
 b - 3 scrolls of magic mapping
 i - 11 scrolls of teleportation
 t - 2 scrolls of blinking
 z - 5 scrolls of enchant weapon
 B - 10 scrolls of fog
 E - a scroll of silence
 F - 20 scrolls of remove curse
 J - 8 scrolls of enchant armour
 P - 7 scrolls of amnesia
 U - 5 scrolls of fear
 V - 14 scrolls of identify
Potions
 d - 6 potions of might
 h - 7 potions of brilliance
 j - 4 potions of haste
 k - 2 potions of resistance
 n - 2 potions of invisibility
 q - 10 potions of lignification
 s - 3 potions of magic
 v - 7 potions of flight
 w - 6 potions of curing
 A - 5 potions of cancellation
 C - 9 potions of ambrosia
 M - 2 potions of heal wounds
 Y - 2 potions of agility
Miscellaneous
 u - a fan of gales
 G - a phial of floods
 W - a sack of spiders
Comestibles
 f - 48 rations


   Skills:
 + Level 17.6 Fighting
   Level 3.8(11.9) Axes
 - Level 16.8(17.0) Maces & Flails
 - Level 1.4 Throwing
 + Level 9.5 Armour
 + Level 8.6 Dodging
 - Level 4.0 Stealth
 - Level 14.3 Shields
 - Level 7.0 Spellcasting
 - Level 9.0 Hexes
 + Level 11.3 Evocations


You had 29 spell levels left.
You knew the following spells:

 Your Spells              Type           Power        Failure   Level  Hunger
a - Confusing Touch       Hex            ###...       1%          1    None
b - Confuse               Hex            ###.....     1%          3    ###....

Your spell library contained the following spells:

 Spells                   Type           Power        Failure   Level  Hunger
 Corona                   Hex            ###....      1%          1    None
 Slow                     Hex            ###.....     1%          2    ##.....
 Tukima's Dance           Hex            ###.....     1%          3    ###....
 Ensorcelled Hibernation  Hex/Ice        ##....       4%          2    ##.....
 Cause Fear               Hex            ###.......   5%          4    ####...
 Dazzling Spray           Conj/Hex       ##....       10%         3    ###....
 Inner Flame              Hex/Fire       ##......     10%         3    ###....
 Portal Projectile        Hex/Tloc       ##....       10%         3    ###....
 Apportation              Tloc           #.....       22%         1    None
 Beastly Appendage        Tmut           #.....       22%         1    None
 Flame Tongue             Conj/Fire      #....        22%         1    None
 Magic Dart               Conj           #...         22%         1    None
 Sandblast                Erth           #.....       22%         1    None
 Sting                    Conj/Pois      #...         22%         1    None
 Summon Butterflies       Summ           #.......     22%         1    None
 Summon Small Mammal      Summ           #...         22%         1    None
 Call Imp                 Summ           #.......     32%         2    ##.....
 Corpse Rot               Necr           N/A          32%         2    ##.....
 Passwall                 Tmut/Erth      #.......     32%         2    ##.....
 Poisonous Vapours        Pois/Air       #.....       32%         2    ##.....
 Searing Ray              Conj           #.....       32%         2    ##.....
 Sticks to Snakes         Tmut           #.......     32%         2    ##.....
 Throw Flame              Conj/Fire      #.....       32%         2    ##.....
 Fulminant Prism          Conj/Hex       ##........   32%         4    ####...
 Leda's Liquefaction      Hex/Erth       ##........   32%         4    ####...
 Call Canine Familiar     Summ           #.......     54%         3    ###....
 Conjure Flame            Conj/Fire      #.......     54%         3    ###....
 Gell's Gravitas          Tloc           #.........   54%         3    ###....
 Ignite Poison            Fire/Tmut/Pois #.......     54%         3    ###....
 Lesser Beckoning         Tloc           #.........   54%         3    ###....
 Mephitic Cloud           Conj/Pois/Air  #.......     54%         3    ###....
 Recall                   Summ/Tloc      N/A          54%         3    ###....
 Spider Form              Tmut/Pois      #.........   54%         3    ###....
 Static Discharge         Conj/Air       #.......     54%         3    ###....
 Stone Arrow              Conj/Erth      #.....       54%         3    ###....
 Invisibility             Hex            ###.....     63%         6    #######
 Metabolic Englaciation   Hex/Ice        ##........   67%         5    ######.
 Silence                  Hex/Air        ##........   67%         5    ######.
 Summon Mana Viper        Hex/Summ       ##......     67%         5    ######.
 Yara's Violent Unravell  Hex/Tmut       ##........   67%         5    ######.
 Force Lance              Conj/Tloc      #.......     91%         4    ####...
 Ice Form                 Ice/Tmut       #.......     91%         4    ####...
 Iskenderun's Mystic Bla  Conj           #.......     91%         4    ####...
 Olgreb's Toxic Radiance  Pois           #.......     91%         4    ####...
 Petrify                  Tmut/Erth      #.......     91%         4    ####...
 Sticky Flame             Conj/Fire      #.......     91%         4    ####...
 Summon Ice Beast         Ice/Summ       #.......     91%         4    ####...
 Alistair's Intoxication  Tmut/Pois      #.......     99%         5    ######.
 Aura of Abjuration       Summ           #.........   99%         5    ######.
 Blade Hands              Tmut           #.........   99%         5    ######.
 Fireball                 Conj/Fire      #.........   99%         5    ######.
 Lee's Rapid Deconstruct  Erth           #.........   99%         5    ######.
 Lightning Bolt           Conj/Air       #.........   99%         5    ######.
 Summon Demon             Summ           #.........   99%         5    ######.
 Summon Forest            Summ/Tloc      #.........   99%         5    ######.
 Venom Bolt               Conj/Pois      #.........   99%         5    ######.
 Bolt of Cold             Conj/Ice       #.........   100%        6    #######
 Bolt of Fire             Conj/Fire      #.........   100%        6    #######
 Deflect Missiles         Chrm/Air       #.........   100%        6    #######
 Dispersal                Tloc           #.........   100%        6    #######
 Freezing Cloud           Conj/Ice/Air   #.........   100%        6    #######
 Hydra Form               Tmut           #.........   100%        6    #######
 Ozocubu's Refrigeration  Ice            #.........   100%        6    #######
 Shadow Creatures         Summ           N/A          100%        6    #######
 Simulacrum               Ice/Necr       #.........   100%        6    #######
 Ring of Flames           Chrm/Fire      #.........   100%        7    #######
 Summon Hydra             Summ           #.........   100%        7    #######
 Controlled Blink         Tloc           N/A          100%        8    #######
 Discord                  Hex            ###.......   100%        8    #######
 Disjunction              Tloc           #.........   100%        8    #######
 Ignition                 Fire           #.........   100%        8    #######
 Shatter                  Erth           #.........   100%        9    #######
 Tornado                  Air            #.........   100%        9    #######


Dungeon Overview and Level Annotations

Branches:
Dungeon (14/15)            Temple (0/1) D:6            Lair (6/6) D:8
  Swamp (4/4) Lair:3        Snake (4/4) Lair:4        Slime (2/5) Lair:6
    Orc (2/2) D:11            Elf (3/3) Orc:2        Vaults (0/5) D:14

Altars:
Ashenzari
Elyvilon
Fedhas
Nemelex Xobeh
Qazlal
Ru
Sif Muna
Trog
Wu Jian
Xom
Jiyva

Shops:
D:7 }   D:8 =   D:12 [   D:13 *(*}   D:14 :=?   Orc:2 [=[*   Elf:2 %   Elf:3 (}
Snake:4 %

Annotations:
D:2 exclusion: goblin
D:3 exclusion: downstairs
Lair:2 1 runed door, exclusion: door, tape's ghost, journeyman FoFi
Lair:4 3 runed doors, exclusion: 3 doors, Ekuafuuz's ghost, journeyman DEFE
Elf:1 exclusion: air elemental


Innate Abilities, Weirdness & Mutations

You have a pair of large horns on your head.
You are mostly covered in large bone plates. (SH +6)
You may emit foul miasma when damaged in melee.
You are significantly more attuned to the shadows.
Your magical and physical power is greatly enhanced at high health.
You are immune to rotting.
You are dopey. (Int -2)


Message History

You resist.
* * * LOW HITPOINT WARNING * * *
The golden eye blinks at you.
You are more confused.
A slime creature comes into view.
Two slime creatures merge to form a very large slime creature.
You feel much better.
You are splashed with acid!
The walls burn you! You resist.
* * * LOW HITPOINT WARNING * * *
The acid blob hits you!
* * * LOW HITPOINT WARNING * * *
You are splashed with acid!
The acid burns!
You resist.
* * * LOW HITPOINT WARNING * * *
The acid blob looks sick.
You emit a cloud of foul miasma!
The golden eye blinks!
The acid blob is engulfed in dark miasma.
The acid blob seems to slow down.
The acid blob hits you!!
* * * LOW HITPOINT WARNING * * *
You are splashed with acid!
The acid burns!
You resist.
You die...

..... .. ...#.
. .J..
.....#.#J#.#.#.
....#J#.#.#.#
#.#JJ.......
#.@#J......#
.....#§G...>...
......#§......#
.....#...<.....
......#.......#
.....#.........
.....#.#.#.#.#
.#.#.#.#.#. ..
. . ..


You could see an acid blob, a very large slime creature, 2 slime creatures, a
death ooze and a golden eye.

Vanquished Creatures
  Nikola (Swamp:2)
  4 bone dragons
  A tentacled monstrosity (Swamp:2)
  A deep elf blademaster (Elf:2)
  A deep elf master archer (Elf:3)
  An Executioner (Abyss:1)
  4 thorn hunters
  3 tentacled starspawn
  Kirke (D:13)
  7 nagarajas
  6 deep elf sorcerers
  Louise (D:14)
  A deep elf elementalist (Elf:3)
  A reaper (Abyss:3)
  Nessos (Orc:2)
  5 deep elf demonologists (Elf:3)
  A minotaur (Lab)
  12 deep elf annihilators
  2 deep elf death magi (Elf:3)
  2 blizzard demons (Abyss:3)
  Snorg (D:10)
  A merfolk impaler (Abyss:3)
  6 deep elf high priests (Elf:3)
  Josephine (Snake:1)
  2 great orbs of eyes
  4 vault guards (D:14)
  12 hydras
  Erolcha (D:10)
  5 ghost crabs
  17 naga warriors
  5 anacondas
  3 centaur warriors
  4 two-headed ogres
  A death knight (D:8)
  A tengu warrior (D:13)
  4 death yaks (Lair:3)
  28 dancing weapons
  8 alligators
  5 orc high priests (Orc:2)
  11 shock serpents
  14 naga sharpshooters
  14 deep elf knights
  9 thrashing horrors
  Sonja (D:13)
  2 wretched stars
  A sixfirhy (Abyss:3)
  A wizard (D:14)
  8 large abominations
  3 spriggan druids
  5 naga ritualists
  A spectral hydra (Swamp:4)
  3 swamp dragons
  3 shambling mangroves
  The ghost of Chiseanne the Skirmisher, a novice DEHu of Okawaru (D:7)
  An anaconda skeleton (Abyss:1)
  8 deep elf archers
  7 orc knights (Orc:2)
  5 mana vipers
  44 deep elf magi
  8 ugly things
  An orc sorcerer (Orc:2)
  9 salamanders
  A shining eye (Slime:1)
  A manticore (D:13)
  10 elephants (Lair:6)
  A cyclops (D:13)
  A fire giant skeleton (Abyss:3)
  Psyche (D:10)
  20 naga magi
  2 ice statues (IceCv)
  21 black mambas
  9 guardian serpents
  2 centaur zombies
  An orange demon (Abyss:1)
  3 smoke demons (Abyss:3)
  2 gargoyles
  An eye of devastation (Slime:1)
  31 spiny frogs
  6 komodo dragons
  5 efreet
  A spiny frog (shapeshifter) (Elf:2)
  A yaktaur (D:14)
  A freezing wraith (D:14)
  A kobold demonologist (D:13)
  5 ancient zymes
  A rime drake (Lair:5)
  2 swamp worm zombies (Swamp:4)
  A troll (shapeshifter) (Elf:1)
  4 polar bears (Lair:3)
  13 tyrant leeches
  A wandering mushroom (Swamp:4)
  7 trolls
  4 hydra zombies (Swamp:4)
  5 slime creatures
  20 blink frogs
  7 hippogriffs
  13 hornets
  3 spectral swamp dragons (Swamp:4)
  3 alligator zombies (Swamp:4)
  12 bog bodies
  17 raiju
  Grinder (D:4)
  7 spriggans
  3 ynoxinuls
  6 shadows
  3 water elementals
  An air elemental (Elf:3)
  3 basilisks
  19 humans (D:14)
  38 yaks
  A vampire (Abyss:3)
  5 wyverns
  7 starcursed masses (Abyss:3)
  5 wraiths
  A yak (shapeshifter) (Elf:3)
  3 fire elementals
  2 hungry ghosts (D:14)
  3 golden eyes (Slime:2)
  2 chaos spawn
  A steam dragon (D:11)
  17 vampire mosquitoes
  2 neqoxecs
  3 electric eels
  3 insubstantial wisps (Swamp:4)
  A warg (Orc:2)
  15 swamp worms
  45 nagas
  2 soldier ants
  8 water moccasins
  8 porcupines
  4 sky beasts
  13 swamp drakes
  3 swamp dragon zombies (Swamp:4)
  7 phantoms
  35 orc warriors
  18 ice beasts
  7 black bears
  12 centaurs
  A necrophage (D:11)
  4 eyes of draining
  7 ogres
  6 crocodiles
  A big kobold (D:12)
  3 elf zombies (Ossuary)
  32 bullfrogs
  9 small abominations
  A gnoll sergeant (D:7)
  An earth elemental (Elf:3)
  5 scorpions
  A wyvern skeleton (D:10)
  5 wights (D:10)
  5 killer bees (D:10)
  5 howler monkeys
  7 crimson imps
  A human zombie (Ossuary)
  A lava snake (D:14)
  7 hounds
  28 orc priests
  6 jellies
  2 quasits
  A bullfrog skeleton (D:9)
  3 centaur skeletons
  2 gnoll shamans
  Jessica (D:3)
  2 spectral swamp drakes (Swamp:4)
  Terence (D:3)
  4 iguanas
  19 orc wizards
  Natasha (D:3)
  16 worker ants
  6 lightning spires (Abyss:3)
  2 hound zombies (Ossuary)
  2 hound skeletons
  4 mummies (Ossuary)
  A worker ant zombie (D:2)
  2 howler monkey zombies
  24 gnolls
  12 adders
  6 shadow imps
  An ufetubus (Abyss:3)
  3 oozes (Lair:6)
  An adder zombie (Ossuary)
  An adder skeleton (D:9)
  4 worms
  2 dart slugs
  4 leopard geckos
  76 orcs
  13 giant cockroaches
  7 goblins
  7 hobgoblins
  19 jackals
  7 quokkas
  A ball python (D:3)
  9 bats
  5 frilled lizards
  A gnoll zombie (Ossuary)
  A goblin zombie (Ossuary)
  A jackal skeleton (D:5)
  11 kobolds
  A kobold zombie (Ossuary)
  A leopard gecko skeleton (D:8)
  A leopard gecko zombie (D:8)
  An orc zombie (Ossuary)
  A quokka zombie (D:8)
  6 rats
  A rat zombie (Ossuary)
  2 butterflies (D:6)
  A fire vortex (D:14)
  4 fungi (Elf:3)
  2 plants (Elf:3)
  2 starspawn tentacles (Abyss:3)
1323 creatures vanquished.

Vanquished Creatures (collateral kills)
  A spiny frog (Lair:5)
  2 spectral swamp dragons (Swamp:4)
  An orc warrior (Orc:2)
4 creatures vanquished.

Vanquished Creatures (others)
  A deep elf high priest (Elf:3)
  A deep elf archer (Elf:1)
  A deep elf mage (Elf:1)
  2 spriggans (Swamp:2)
  3 humans (D:13)
  A golden eye (Abyss:3)
  3 insubstantial wisps (Swamp:4)
  A bullfrog (D:13)
  A small abomination (Abyss:3)
  A white imp (Abyss:3)
  A jackal (D:8)
  13 briar patches
  12 fungi
  43 plants
  2 starspawn tentacles (Abyss:3)
86 creatures vanquished.

Grand Total: 1413 creatures vanquished

Notes
Turn   | Place    | Note
-------+----------+-------------------------------------------
     0 | D:1      | kakkapete22 the Demonspawn Fighter began the quest for the
                  | Orb.
     0 | D:1      | Reached XP level 1. HP: 18/18 MP: 1/1
   138 | D:1      | Gained mutation: You are slightly more attuned to the
                  | shadows. [demonic ancestry]
   138 | D:1      | Reached XP level 2. HP: 16/24 MP: 2/2
  1168 | D:2      | Gained mutation: You are partially covered in large bone
                  | plates. (SH +4) [demonic ancestry]
  1168 | D:2      | Reached XP level 3. HP: 29/29 MP: 3/3
  1614 | D:2      | Gained mutation: You have a pair of small horns on your
                  | head. [demonic ancestry]
  1614 | D:2      | Reached XP level 4. HP: 28/37 MP: 4/4
  1792 | D:2      | Reached skill level 1 in Stealth
  2073 | D:3      | Noticed Natasha
  2080 | D:3      | Killed Natasha
  2080 | D:3      | Reached skill level 4 in Fighting
  2380 | D:3      | Reached XP level 5. HP: 10/42 MP: 5/5
  2643 | D:3      | Noticed Terence
  2646 | D:3      | Killed Terence
  2988 | D:3      | Found a bloodstained altar of Trog.
  2988 | D:3      | Found a sparkling altar of Nemelex Xobeh.
  2993 | D:3      | Found a stormy altar of Qazlal.
  3003 | D:3      | Found an ornate altar of the Wu Jian Council.
  3006 | D:3      | Found a white marble altar of Elyvilon.
  3007 | D:3      | Found a shattered altar of Ashenzari.
  3027 | D:3      | Became a worshipper of the Wu Jian Council
  3247 | D:3      | Noticed Jessica
  3256 | D:3      | Killed Jessica
  3378 | D:3      | Reached XP level 6. HP: 38/49 MP: 6/6
  3587 | D:4      | Noticed Grinder
  3719 | D:4      | Reached * piety under Wu Jian
  3829 | D:4      | Killed Grinder
  3829 | D:4      | Reached skill level 5 in Fighting
  3829 | D:4      | Gained mutation: You have a pair of horns on your head.
                  | [demonic ancestry]
  3829 | D:4      | Reached XP level 7. HP: 56/56 MP: 7/7
  4323 | D:5      | Entered Level 5 of the Dungeon
  4360 | D:5      | Reached skill level 1 in Evocations
  4366 | D:5      | Found a sand-covered staircase.
  4372 | Ossuary  | Entered an ossuary
  4421 | Ossuary  | Reached skill level 6 in Fighting
  4421 | Ossuary  | Reached skill level 5 in Maces & Flails
  4690 | Ossuary  | Reached XP level 8. HP: 62/64 MP: 9/9
  4956 | D:5      | Reached ** piety under Wu Jian
  5470 | D:6      | Found a staircase to the Ecumenical Temple.
  5681 | D:6      | Found a runed door.
  6068 | D:6      | Found a runed door.
  6233 | D:7      | Reached skill level 7 in Fighting
  6786 | D:7      | Found Cuptid's Gadget Emporium.
  7082 | D:7      | Reached *** piety under Wu Jian
  7123 | D:7      | Gained mutation: You have a pair of large horns on your
                  | head. [demonic ancestry]
  7123 | D:7      | Reached XP level 9. HP: 46/72 MP: 12/12
  7359 | D:7      | Found a runed door.
  7362 | D:7      | Found a shimmering altar of Xom.
  7362 | D:7      | Noticed Chiseanne's ghost (novice DEHu)
  7362 | D:7      | Noticed a hand axe of chaos
  7890 | D:8      | Found Getoijy's Jewellery Shoppe.
  7902 | D:8      | Bought a cursed -2 ring of slaying for 26 gold pieces
  7986 | D:8      | Reached skill level 8 in Fighting
  8033 | D:8      | Reached **** piety under Wu Jian
  8253 | D:8      | Found a staircase to the Lair.
  8352 | D:8      | Noticed an efreet
  8359 | D:8      | Killed an efreet
  8359 | D:8      | Reached XP level 10. HP: 63/82 MP: 13/13
  8714 | D:8      | Noticed a two-headed ogre
  8716 | D:8      | Noticed a death knight
  8792 | D:8      | Killed a death knight
  8792 | D:8      | Reached skill level 9 in Fighting
  9331 | D:8      | Reached skill level 5 in Shields
  9600 | D:9      | Found a shimmering altar of Xom.
  9657 | D:9      | Reached skill level 10 in Maces & Flails
  9857 | D:9      | Reached ***** piety under Wu Jian
 10241 | D:9      | Learned a level 1 spell: Confusing Touch
 10380 | Lair:1   | Entered Level 1 of the Lair of Beasts
 10412 | Lair:1   | Reached XP level 11. HP: 62/90 MP: 14/14
 10707 | D:8      | Killed a two-headed ogre
 10707 | D:8      | Reached skill level 1 in Spellcasting
 10707 | D:8      | Reached skill level 1 in Hexes
 10870 | D:10     | Entered Level 10 of the Dungeon
 10882 | D:10     | Noticed Erolcha
 10886 | D:10     | Killed Erolcha
 10886 | D:10     | Reached skill level 10 in Fighting
 11266 | D:10     | Noticed Psyche
 11271 | D:10     | Found a blossoming altar of Fedhas.
 11733 | D:10     | Killed Psyche
 12086 | D:10     | Noticed Snorg
 12473 | Lair:1   | Noticed a seven-headed hydra
 12480 | Lair:1   | Killed a seven-headed hydra
 12968 | Lair:2   | Found a runed door.
 12968 | Lair:2   | Noticed tape's ghost (journeyman FoFi)
 13685 | Lair:2   | Noticed a four-headed hydra
 14215 | Lair:3   | Reached skill level 11 in Fighting
 14233 | Lair:3   | Reached XP level 12. HP: 83/100 MP: 16/16
 14666 | Lair:3   | Noticed a five-headed hydra
 14675 | Lair:3   | Killed a five-headed hydra
 15075 | Lair:3   | Found a staircase to the Swamp.
 15238 | Lair:4   | Found a runed gate.
 15537 | Lair:4   | Found a runed gate.
 15538 | Lair:4   | Found a runed gate.
 15539 | Lair:4   | Noticed Ekuafuuz's ghost (journeyman DEFE)
 15593 | Lair:4   | Noticed a death yak
 15593 | Lair:4   | Noticed a death yak
 15593 | Lair:4   | Noticed a death yak
 15593 | Lair:4   | Noticed a death yak
 15623 | Lair:3   | Killed a death yak
 15652 | Lair:3   | Killed a death yak
 15867 | Lair:3   | Killed a death yak
 16051 | Lair:3   | Killed a death yak
 16051 | Lair:3   | Reached skill level 5 in Armour
 16271 | Lair:4   | Noticed a four-headed hydra
 16272 | Lair:4   | Found a staircase to the Snake Pit.
 16279 | Lair:4   | Killed a four-headed hydra
 16279 | Lair:4   | Reached skill level 5 in Hexes
 17651 | Lair:5   | Noticed an eight-headed hydra
 17658 | Lair:5   | Noticed a four-headed hydra
 17704 | Lair:3   | Killed a four-headed hydra
 18051 | Lair:4   | Killed an eight-headed hydra
 18051 | Lair:4   | Gained mutation: You are mostly covered in large bone
                  | plates. (SH +6) [demonic ancestry]
 18051 | Lair:4   | Reached XP level 13. HP: 59/107 MP: 17/17
 18410 | Lair:5   | Reached skill level 12 in Fighting
 18432 | Lair:5   | Reached ****** piety under Wu Jian
 19178 | Lair:6   | Entered Level 6 of the Lair of Beasts
 19736 | Lair:5   | Reached skill level 1 in Axes
 21079 | Lair:6   | HP: 4/109 [tyrant leech (23)]
 21358 | Lair:6   | Found a runed door.
 21358 | Lair:6   | Found a viscous altar of Jiyva.
 21416 | Lair:6   | Found a staircase to the Slime Pits.
 21533 | Lair:6   | Gained mutation: You are immune to rotting. [demonic
                  | ancestry]
 21533 | Lair:6   | Reached XP level 14. HP: 116/116 MP: 20/20
 21553 | Lair:6   | Got a pair of ichor-stained gloves
 21559 | Lair:6   | Identified the +2 pair of gloves of the Arcane {+Inv rC-
                  | Str+6} (You found it on level 6 of the Lair of Beasts)
 22036 | D:8      | Bought an uncursed amulet of guardian spirit for 390 gold
                  | pieces
 22277 | D:7      | Killed Chiseanne's ghost
 22373 | D:10     | Killed Snorg
 22568 | D:11     | Found a frozen archway.
 22599 | IceCv    | Entered an ice cave
 22623 | IceCv    | Found a transporter.
 22817 | IceCv    | Found a transporter.
 23462 | D:11     | Found a staircase to the Orcish Mines.
 23576 | D:11     | You fall through a shaft for 2 floors!
 23576 | D:13     | Noticed Kirke
 23587 | D:13     | Killed Kirke
 23587 | D:13     | Reached skill level 5 in Spellcasting
 23690 | D:13     | Found a labyrinth entrance.
 23715 | Lab      | Entered a labyrinth
 23863 | Lab      | Got a twisted plate armour
 23874 | Lab      | Identified the +8 plate armour of Zyczait {Regen+ Int+5}
                  | (You took it off a minotaur in a labyrinth)
 24005 | D:13     | Found a sparkling altar of Nemelex Xobeh.
 24017 | D:13     | Found Dubi's Antique Weapon Shoppe.
 24141 | D:13     | Found Viq Umog's Gadget Shoppe.
 24273 | D:13     | Found Nughinla's General Store.
 24274 | D:13     | Found Ecvetuv's Assorted Antiques.
 24298 | D:13     | Bought a puce potion for 34 gold pieces
 24298 | D:13     | Bought an ivory wand for 152 gold pieces
 24331 | D:13     | Noticed Sonja
 24335 | D:13     | Cast into level 1 of the Abyss (Sonja)
 24399 | Abyss:1  | Noticed an Executioner
 24414 | Abyss:1  | Killed an Executioner
 24414 | Abyss:1  | Reached skill level 13 in Fighting
 24424 | Abyss:1  | Gained mutation: You are dopey. (Int -2) [a neqoxec]
 24642 | Abyss:1  | Noticed a tentacled starspawn
 24648 | Abyss:1  | Killed a tentacled starspawn
 24701 | D:13     | Escaped the Abyss
 24745 | D:12     | Gained mutation: You are significantly more attuned to the
                  | shadows. [demonic ancestry]
 24745 | D:12     | Reached XP level 15. HP: 122/123 MP: 21/23
 24867 | D:12     | Reached skill level 10 in Shields
 24867 | D:12     | Reached XP level 16. HP: 130/130 MP: 24/24
 24882 | D:12     | Found a shimmering altar of Xom.
 24888 | D:12     | Found a shimmering altar of Xom.
 24898 | D:12     | Found a shimmering altar of Xom.
 25183 | D:12     | Got a pitted rapier
 25184 | D:12     | Identified the cursed +1 rapier "Niepsy" {vamp, Dex+4} (You
                  | found it on level 12 of the Dungeon)
 25265 | D:12     | Found Yfahoceu's Armour Shop.
 25270 | D:12     | Bought a +1 pair of boots of running for 511 gold pieces
 25474 | Orc:1    | Entered Level 1 of the Orcish Mines
 25571 | Orc:2    | Entered Level 2 of the Orcish Mines
 25686 | Orc:2    | Found a staircase to the Elven Halls.
 25954 | Orc:2    | Noticed Nessos
 25997 | Orc:2    | Killed Nessos
 26870 | Orc:2    | Found Vaom's Jewellery Boutique.
 26871 | Orc:2    | Found Niaruc's Antique Armour Shop.
 26874 | Orc:2    | Found Ocatoc's Armour Shop.
 26875 | Orc:2    | Found Kahyza Zimi's Assorted Antiques.
 26889 | Orc:2    | Bought a large pearl ring for 125 gold pieces
 26889 | Orc:2    | Bought a scroll labeled TIURRA VECESI for 25 gold pieces
 26973 | Elf:1    | Entered Level 1 of the Elven Halls
 27071 | Orc:2    | Bought a +0 shield of protection for 161 gold pieces
 27386 | Swamp:1  | Entered Level 1 of the Swamp
 27416 | Swamp:1  | Learned a level 3 spell: Confuse
 27477 | Swamp:1  | Reached skill level 5 in Evocations
 27682 | Swamp:1  | You fall through a shaft!
 27684 | Swamp:2  | Noticed a tentacled monstrosity
 27695 | Swamp:2  | Killed a tentacled monstrosity
 27695 | Swamp:2  | Reached skill level 1 in Dodging
 27888 | Swamp:2  | Noticed a thorn hunter
 27905 | Swamp:2  | Killed a thorn hunter
 27997 | Swamp:2  | Noticed Nikola
 28025 | Swamp:2  | Killed Nikola
 28491 | Swamp:2  | Noticed a thorn hunter
 28504 | Swamp:2  | Killed a thorn hunter
 28752 | Swamp:1  | Reached skill level 1 in Throwing
 28919 | Swamp:1  | Reached skill level 14 in Fighting
 28926 | Swamp:1  | Got a fine brass amulet
 28928 | Swamp:1  | Identified the amulet of Tydethri {+Rage Str+3 SInv} (You
                  | found it on level 1 of the Swamp)
 29647 | D:8      | Bought the ring of Happiness {rElec rPois rN+ MP+9 Str-4}
                  | for 442 gold pieces
 30108 | Swamp:3  | Noticed a thorn hunter
 30118 | Swamp:3  | Killed a thorn hunter
 30556 | Swamp:4  | Entered Level 4 of the Swamp
 30946 | Swamp:4  | Gained mutation: You may emit foul miasma when damaged in
                  | melee. [demonic ancestry]
 30946 | Swamp:4  | Reached XP level 17. HP: 137/140 MP: 26/26
 31117 | Swamp:4  | Noticed a bone dragon
 31148 | Swamp:4  | Killed a bone dragon
 31348 | Swamp:4  | Got a decaying rune of Zot
 32470 | D:13     | Killed Sonja
 32517 | D:13     | Reached skill level 15 in Fighting
 32587 | D:14     | Found Wousub's Book Shoppe.
 32743 | D:14     | Reached skill level 5 in Dodging
 32838 | D:14     | Noticed Louise
 32840 | D:14     | Cast into level 3 of the Abyss (Louise)
 32883 | Abyss:3  | Noticed a bone dragon
 32908 | Abyss:3  | Killed a bone dragon
 32916 | Abyss:3  | Noticed a bone dragon
 32935 | Abyss:3  | Killed a bone dragon
 33073 | D:14     | Escaped the Abyss
 33083 | D:14     | Killed Louise
 33153 | D:14     | Found a gate to the Vaults.
 33412 | D:14     | Found Wyraog's Jewellery Emporium.
 33433 | D:14     | Found Hicinyni's Magic Scroll Shoppe.
 33694 | D:14     | Found a sacrificial altar of Ru.
 34054 | Snake:1  | Entered Level 1 of the Snake Pit
 34445 | Snake:1  | Noticed Josephine
 34452 | Snake:1  | Killed Josephine
 34991 | Snake:2  | Gained mutation: Your magical and physical power is
                  | slightly enhanced at high health. [demonic ancestry]
 34991 | Snake:2  | Reached XP level 18. HP: 149/149 MP: 27/27
 35009 | Snake:2  | Reached skill level 15 in Maces & Flails
 36841 | Snake:4  | Entered Level 4 of the Snake Pit
 36867 | Snake:4  | Found Ymel's Magic Scroll Shop.
 36989 | Snake:4  | Found Nenkycox's Food Shop.
 37153 | Snake:4  | Reached skill level 10 in Evocations
 37167 | Snake:4  | Reached skill level 16 in Fighting
 37214 | Snake:4  | Got a serpentine rune of Zot
 38649 | Elf:1    | Gained mutation: Your magical and physical power is
                  | enhanced at high health. [demonic ancestry]
 38649 | Elf:1    | Reached XP level 19. HP: 147/157 MP: 29/29
 39086 | Elf:2    | Found Edoqin's Food Emporium.
 39337 | Elf:2    | Found a runed gate.
 39337 | Elf:2    | Found a runed gate.
 39344 | Elf:2    | Found a runed gate.
 39402 | Elf:2    | Cast into level 4 of the Abyss (a deep elf sorcerer)
 39405 | Abyss:4  | Found a sacrificial altar of Ru.
 39429 | Elf:2    | Escaped the Abyss
 40232 | Elf:3    | Entered Level 3 of the Elven Halls
 40232 | Elf:3    | Found Butret's Antique Weapon Shoppe.
 40275 | Elf:3    | Found Amowuso's Gadget Shop.
 40902 | Elf:3    | Found a deep blue altar of Sif Muna.
 41115 | Elf:3    | Reached skill level 17 in Fighting
 41503 | Elf:3    | Noticed a Tzitzimitl
 41503 | Elf:3    | Gained mutation: Your magical and physical power is greatly
                  | enhanced at high health. [demonic ancestry]
 41503 | Elf:3    | Reached XP level 20. HP: 160/168 MP: 30/30
 41553 | Elf:3    | Found the +12 glaive of Prune {chop}
 41553 | Elf:3    | Found the +8 orange crystal plate armour {Archmagi, Int+3
                  | Clar}
 41681 | Elf:3    | Cast into level 3 of the Abyss (a deep elf sorcerer)
 41880 | Abyss:3  | Noticed a bone dragon
 41894 | Abyss:3  | Killed a bone dragon
 42009 | Abyss:3  | Got an abyssal rune of Zot
 42016 | Elf:3    | Escaped the Abyss
 42051 | Elf:3    | Identified the Almanac of Supportive Protection
 42065 | Elf:3    | Identified Sif Muna's Tome of Transmigration and
                  | Intoxication
 42119 | Elf:3    | Got a vibrating tin ring
 42121 | Elf:3    | Identified the ring of Ezoibuleda {rPois rC- rN+++ Dex+6
                  | Stlth+} (You found it on level 3 of the Elven Halls)
 42503 | Orc:2    | Bought an uncursed ring of resist corrosion for 280 gold
                  | pieces
 42827 | Slime:1  | Entered Level 1 of the Pits of Slime
 43446 | Slime:2  | HP: 1/170 [acid blob (26)]
 43446 | Slime:2  | Splashed by an acid blob's acid

Skill      XL: |  1  2  3  4  5  6  7  8  9 10 11 12 13 14 15 16 17 18 19 20 |
---------------+-------------------------------------------------------------+-----
Armour         | 3 4 5 6 7 8 9 |  9.5
Maces & Flails | 2 3 4 5 6 8 10 11 12 13 14 15 16 | 16.8
Stealth        | 1 2 3 4 |  4.0
Fighting       | 4 5 6 7 8 9 11 12 13 14 15 16 17 | 17.6
Evocations     | 2 4 6 8 10 11 | 11.3
Shields        | 4 5 6 7 8 9 10 12 13 14 | 14.3
Spellcasting   | 3 4 5 6 7 |  7.0
Hexes          | 3 5 7 8 9 |  9.0
Axes           | 2 3 |  3.8
Dodging        | 3 6 8 |  8.6
Throwing       | 1 |  1.4

Action                   |  1- 3 |  4- 6 |  7- 9 | 10-12 | 13-15 | 16-18 | 19-21 || total
-------------------------+-------+-------+-------+-------+-------+-------+-------++-------
Melee: Flail             |   116 |   153 |    78 |       |       |       |       ||   347
       Headbutt          |       |    26 |    87 |   190 |   271 |   594 |   172 ||  1340
       Morningstar       |       |       |   340 |   812 |   980 |  1529 |       ||  3661
       Eveningstar       |       |       |       |       |       |   622 |   622 ||  1244
Throw: Stone             |       |     2 |       |       |       |       |       ||     2
       Javelin           |       |       |     4 |     5 |     5 |     7 |     2 ||    23
 Cast: Confusing Touch   |       |       |       |       |     1 |       |       ||     1
Invok: Lunge             |       |     2 |    30 |    58 |    44 |   118 |    44 ||   296
       Whirlwind         |       |       |    15 |   382 |   382 |   784 |   171 ||  1734
       Wall Jump         |       |       |     2 |    13 |     6 |    13 |     6 ||    40
       Serpent's Lash    |       |       |       |       |     5 |    12 |     7 ||    24
       Heavenly Storm    |       |       |       |       |     1 |     2 |       ||     3
 Abil: Wall Jump         |       |       |     1 |       |       |       |       ||     1
       Evoke Invisibilit |       |       |       |       |       |     1 |       ||     1
Evoke: Wand              |       |       |     4 |     6 |    16 |    47 |     2 ||    75
       Sack of spiders   |       |       |       |       |     2 |       |       ||     2
  Use: Scroll            |       |     7 |     5 |     7 |    13 |    12 |     4 ||    48
       Potion            |       |     1 |     2 |     5 |     7 |     4 |     4 ||    23
 Stab: Sleeping          |       |     2 |     6 |       |       |       |       ||     8
       Paralysed         |       |       |       |       |     3 |     2 |       ||     5
       Petrified         |       |       |       |       |     2 |       |       ||     2
       Betrayed ally     |       |       |       |       |       |     1 |       ||     1
       Distracted        |       |       |       |       |       |     1 |       ||     1
  Eat: Chunk             |     2 |     8 |    11 |    25 |    20 |    35 |    12 ||   113
       Ration            |       |       |     1 |     2 |     1 |     3 |     1 ||     8
Armor: Scale mail        |    52 |    52 |    81 |       |       |       |       ||   185
       Plate armour      |       |       |    65 |   359 |   309 |   756 |   137 ||  1626
       Skin              |       |       |     2 |    11 |       |       |       ||    13
       Chain mail        |       |       |    18 |       |       |       |       ||    18
Dodge: Dodged            |    26 |    39 |    88 |   103 |    94 |   383 |   106 ||   839
       Deflected         |       |       |       |       |       |    39 |    18 ||    57
Block: Shield            |    62 |   117 |   368 |   590 |   698 |  1590 |   262 ||  3687
